Map: Data-C

Players

Mixu

  • Race: Zerg Zerg
  • Spawn Location: 3:00

PtitDrogo - Winner!

  • Race: Protoss Protoss
  • Spawn Location: 9:00

Event: DreamHack SC2 Masters 2022 Atlanta (Offline)

VOD

Have the link to the VOD?

Description

Time

  • Played on: Nov. 18, 2022, 10:47 a.m.
  • Length: 11:07

All games in this series

Show
View Real Time Build Order
Export as new Build Order

Mixu Zerg 

Build Orders: Hatch First 

Get SALT Encoding   

  12  0:00  Drone  
  13  0:12  Overlord  
  13  0:16  Drone  
  14  0:30  Drone x2  
  16  0:48  Hatchery  
  15  0:52  Drone  
  15  0:55  Drone  
  17  0:59  Drone  
  18  1:09  Extractor  
  17  1:15  Spawning Pool  
  17  1:18  Drone  
  17  1:22  Drone  
  18  1:30  Drone  
  19  1:38  Drone  
  20  1:51  Overlord  
  20  2:01  Queen  
  20  2:02  Queen, Drone  
  20  2:03  Zergling x2  
  26  2:11  Zergling x2, Drone  
  26  2:14  Metabolic Boost  
  28  2:22  Drone x2  
  30  2:37  Hatchery  
  30  2:41  Drone  
  30  2:42  Drone  
  31  2:48  Queen  
  33  2:53  Overlord  
  33  2:57  Drone  
  34  2:59  Drone  
  34  3:02  Drone  
  35  3:06  Overlord  
  35  3:12  Queen  
  35  3:14  Drone  
  35  3:15  Drone  
  35  3:17  Drone  
  35  3:19  Drone  
  41  3:24  Drone x2  
  43  3:29  Queen  
  43  3:31  Drone  
  43  3:33  Zergling x2  
  47  3:36  Drone  
  47  3:38  Drone  
  49  3:44  Drone  
  49  3:45  Drone  
  49  3:47  Spore Crawler  
  50  3:49  Drone  
  50  3:51  Queen  
  53  3:58  Spore Crawler, Drone x3  
  53  4:01  Overlord  
  55  4:07  Drone  
  55  4:08  Evolution Chamber  
  55  4:11  Drone x2  
  57  4:20  Overlord  
  57  4:22  Drone x6  
  63  4:24  Drone  
  63  4:29  Drone x2  
  64  4:39  Zerg Melee Weapons Level 1  
  64  4:40  Drone x5  
  64  4:44  Drone  
  64  4:45  Spore Crawler, Drone  
  70  4:51  Hatchery  
  69  4:52  Overlord  
  69  4:58  Drone, Extractor  
  69  5:00  Roach Warren  
  69  5:01  Drone x3  
  71  5:07  Lair  
  71  5:08  Drone x2  
  71  5:12  Drone  
  74  5:17  Extractor  
  74  5:19  Drone x3, Hatchery  
  75  5:22  Drone x3  
  75  5:24  Overlord  
  78  5:29  Overlord  
  78  5:30  Extractor  
  78  5:31  Extractor  
  78  5:32  Extractor  
  78  5:33  Drone x4  
  78  5:34  Overlord  
  78  5:37  Drone  
  77  5:45  Drone x2  
  77  5:46  Overlord  
  77  5:47  Overlord  
  91  5:57  Roach x8  
  93  6:12  Zergling x20  
  93  6:13  Overseer  
  93  6:18  Glial Reconstitution  
  103  6:20  Drone  
  103  6:23  Drone x2  
  103  6:24  Baneling Nest  
  104  6:29  Spire  
  104  6:30  Drone x4  
  107  6:35  Drone x2  
  109  6:40  Drone  
  109  6:43  Drone x5  
  115  6:47  Extractor  
  115  6:48  Extractor  
  115  6:49  Drone  
  114  6:55  Overlord  
  114  6:56  Roach x5  
  114  6:59  Roach x2  
  114  7:00  Overlord  
  128  7:04  Overlord  
  126  7:16  Roach x5  
  126  7:17  Baneling x8  
  126  7:18  Centrifugal Hooks  
  126  7:20  Zerg Melee Weapons Level 2  
  126  7:21  Overlord  
  136  7:23  Overseer, Drone x4  
  140  7:33  Hatchery  
  139  7:39  Drone x2  
  139  7:40  Drone x3  
  139  7:41  Zergling x4  
  139  7:42  Zergling x12  
  139  7:43  Zerg Flyer Weapons Level 1  
  152  7:48  Overlord  
  152  7:53  Mutalisk x3, Overlord  
  155  8:01  Mutalisk x3  
  159  8:08  Mutalisk x2  
  163  8:14  Drone x2  
  163  8:16  Mutalisk  
  163  8:19  Mutalisk  
  169  8:21  Drone  
  169  8:22  Zergling x10, Drone  
  169  8:26  Overlord x3  
  176  8:30  Evolution Chamber  
  176  8:31  Hatchery  
  174  8:48  Zergling x26  
  182  8:54  Queen  
  183  8:56  Zerg Missile Weapons Level 1  
  183  8:57  Ravager x3  
  183  8:59  Baneling x16  
  183  9:00  Roach x2  
  183  9:02  Overlord x2  
  190  9:10  Baneling x15  
  187  9:18  Roach x3  
  190  9:29  Roach x8  
  181  9:33  Zergling x12  
  161  9:46  Roach x11  
  158  10:02  Roach x3  
  158  10:03  Roach x9  
  180  10:08  Zergling x6  
  180  10:10  Ravager  
  180  10:11  Baneling  
  180  10:12  Baneling x5  
  184  10:14  Zergling x4  
  184  10:17  Zergling x4  
  188  10:25  Zergling x6  
  188  10:27  Baneling x6  
  188  10:28  Zergling x4  
  193  10:32  Zergling x14  
  200  10:38  Baneling x5  
  200  10:39  Baneling x6, Infestation Pit  
Show
View Real Time Build Order
Export as new Build Order

PtitDrogo Protoss - Winner!

Build Orders: 1 Gate Expand, Oracle Opening, Zealot Archon 

Get SALT Encoding   

  12  0:00  Probe  
  13  0:12  Probe  
  14  0:19  Pylon  
  14  0:24  Probe  
  15  0:37  Probe (Chrono Boost)  
  15  0:40  Gateway  
  16  0:47  Probe (Chrono Boost)  
  17  0:50  Assimilator  
  17  0:53  Probe  
  18  1:05  Probe  
  19  1:17  Probe  
  20  1:28  Nexus  
  20  1:39  Cybernetics Core  
  20  1:42  Probe  
  20  1:46  Assimilator  
  21  1:54  Probe  
  21  1:56  Pylon  
  22  2:06  Probe  
  23  2:12  Adept (Chrono Boost)  
  25  2:18  Probe  
  25  2:19  Stargate  
  26  2:27  Warp Gate  
  26  2:31  Probe (Chrono Boost)  
  26  2:35  Adept  
  29  2:40  Probe (Chrono Boost)  
  31  2:48  Probe (Chrono Boost)  
  31  2:49  Probe (Chrono Boost)  
  32  2:54  Probe (Chrono Boost)  
  32  2:55  Probe  
  34  3:04  Oracle (Chrono Boost)  
  34  3:06  Probe  
  34  3:07  Probe  
  34  3:10  Pylon  
  39  3:18  Probe  
  39  3:19  Probe  
  41  3:20  Gateway  
  41  3:30  Probe  
  41  3:31  Oracle (Chrono Boost), Probe  
  46  3:43  Probe x2  
  48  3:52  Nexus  
  48  3:54  Pylon  
  48  3:57  Probe x2  
  48  4:01  Oracle  
  53  4:09  Probe (Chrono Boost)  
  54  4:12  Probe (Chrono Boost), Assimilator  
  54  4:13  Assimilator  
  54  4:14  Pylon  
  55  4:17  Adept  
  55  4:22  Probe (Chrono Boost)  
  59  4:24  Probe (Chrono Boost)  
  60  4:31  Probe (Chrono Boost)  
  60  4:35  Probe (Chrono Boost)  
  60  4:36  Probe (Chrono Boost)  
  62  4:43  Robotics Facility  
  62  4:44  Twilight Council, Forge  
  63  4:47  Probe x2 (Chrono Boost)  
  64  4:58  Gateway  
  66  5:00  Probe (Chrono Boost), Gateway  
  66  5:03  Shield Battery, Probe (Chrono Boost)  
  66  5:08  Probe (Chrono Boost)  
  66  5:09  Probe (Chrono Boost)  
  66  5:11  Zealot x2  
  73  5:16  Probe (Chrono Boost)  
  73  5:17  Probe (Chrono Boost)  
  73  5:18  Protoss Ground Weapons Level 1 (Chrono Boost)  
  73  5:19  Charge, Pylon  
  73  5:20  Probe (Chrono Boost)  
  75  5:25  Probe  
  75  5:27  Templar Archives  
  76  5:31  Probe  
  77  5:38  Probe  
  77  5:39  Probe  
  79  5:43  Probe  
  79  5:44  Gateway x2  
  79  5:47  Gateway x2  
  79  5:48  Warp Prism (Chrono Boost)  
  80  5:54  Probe  
  80  5:55  Probe  
  84  5:57  Assimilator  
  84  5:58  Assimilator  
  84  6:09  Probe x3  
  87  6:13  Pylon  
  87  6:17  Pylon  
  87  6:22  Probe  
  87  6:24  Pylon x2  
  88  6:26  Pylon  
  88  6:28  Nexus  
  88  6:32  High Templar x4  
  96  6:36  Gateway  
  96  6:37  Archon x2, Gateway  
  96  6:41  Zealot x3  
  96  6:42  Zealot  
  104  6:49  Observer (Chrono Boost)  
  104  6:52  Photon Cannon  
  105  7:03  Zealot x4  
  105  7:04  Zealot x4  
  105  7:08  Psionic Storm  
  121  7:15  Protoss Ground Weapons Level 2  
  110  7:21  Immortal (Chrono Boost)  
  110  7:22  Probe x2  
  112  7:24  Shield Battery  
  112  7:27  High Templar x3  
  122  7:34  Probe x2  
  122  7:35  Probe  
  125  7:37  Photon Cannon  
  125  7:40  Pylon  
  125  7:45  High Templar  
  125  7:46  Zealot x4, Probe  
  125  7:49  Probe  
  137  7:54  Zealot x2  
  137  8:08  Probe  
  137  8:09  Pylon  
  137  8:11  Assimilator  
  138  8:12  Stalker  
  138  8:13  Stalker  
  138  8:14  Blink  
  138  8:15  Probe  
  138  8:16  Assimilator  
  138  8:17  Photon Cannon, Probe  
  144  8:21  Photon Cannon  
  144  8:26  Zealot x2, High Templar x2  
  144  8:27  Zealot x2  
  156  8:29  Pylon  
  156  8:31  Archon x2  
  156  8:35  Phoenix (Chrono Boost)  
  158  8:44  Probe  
  158  8:46  Stargate  
  158  8:48  Stargate  
  155  8:53  Probe  
  155  8:54  Phoenix (Chrono Boost), Photon Cannon  
  154  9:02  Photon Cannon  
  154  9:04  Photon Cannon  
  154  9:06  Protoss Air Weapons Level 1  
  154  9:09  Fleet Beacon  
  154  9:12  Zealot x4  
  154  9:16  Phoenix (Chrono Boost)  
  152  9:21  Stalker x4  
  116  9:48  Zealot x3, Stalker x4  
  116  9:49  Zealot x3  
  134  9:56  Carrier (Chrono Boost)  
  138  10:00  Carrier (Chrono Boost)  
  138  10:05  Carrier (Chrono Boost)  
  144  10:18  High Templar  
  144  10:19  Zealot x3, High Templar  
  144  10:20  Zealot x2  
  158  10:23  Shield Battery  
  156  10:51  Stalker x2  
  156  10:52  Stalker  
  156  11:00  Archon  
  146  11:04  Stalker  
  146  11:05  Zealot  
Tags
 
Add a new tag
Caveats
  • Supply blocks, unpowered buildings, or Contaminate may cause inaccurate times.
  • Supply counts are checked every 10 seconds.